 Dungeon Crawl Stone Soup version 0.28-a0-973-ga7f8b01127 (webtiles) character file.

Game seed: 15544971877779001577

1856 cheechan the Spear-Bearer (level 9, -11/67 HPs)
             Began as an Octopode Gladiator on Dec 1, 2021.
             Was a Believer of Okawaru.
             Mangled by a cyclops (28 damage)
             ... on level 6 of the Dungeon.
             The game lasted 00:23:25 (7116 turns).

cheechan the Spear-Bearer (Octopode Gladiator)      Turns: 7116, Time: 00:23:26

Health: -11/67     AC:  1    Str: 17 (18) XL:     9   Next: 13%
Magic:  9/9        EV: 15    Int: 10      God:    Okawaru [**....]
Gold:   227        SH:  0    Dex: 15      Spells: 8/8 levels left

rFire   . . .      SeeInvis .   c - +1 scythe
rCold   . . .      Faith    .   (shield currently unavailable)
rNeg    . . .      Spirit   .   b - +0 hat
rPois   +          Reflect  .   (no amulet)
rElec   .          Harm     .   f - ring of willpower
rCorr   .          Rampage  .   g - ring of poison resistance
Will    +....      Clarity  +   (no ring)
Stlth   +++++.....              (no ring)
HPRegen 0.00/turn               (no ring)
MPRegen 0.11/turn               (no ring)
                                (no ring)
                                (no ring)

@: inhibited regen, studying Polearms
A: almost no armour, amphibious, 8 rings, camouflage 1, gelatinous body 1,
(nimble swimmer 1), tentacles, clarity, deterioration 1, robust 1, inhibited
regeneration, strong 1
a: Renounce Religion, Heroism


You were on level 6 of the Dungeon.
You worshipped Okawaru.
Okawaru was pleased with you.
You visited 1 branch of the dungeon, and saw 6 of its levels.

You collected 227 gold pieces.

Inventory:

Hand Weapons
 a - a +0 trident
 c - a +1 scythe (weapon)
 n - a +0 arbalest
 o - a +4 quarterstaff of chaos
 t - the +4 hand axe "Ujuafefi" {chaos, rC+ Will+ Dex-2 SInv}
   (You found it on level 5 of the Dungeon)

   Each time it hits an enemy it has a different, random effect.
   Dex:       It affects your dexterity (-2).
   rC:        It protects you from cold.
   SInv:      It lets you see invisible.
   Will:      It increases your willpower.
Missiles
 d - 76 arrows
 e - 4 curare-tipped darts
 i - 92 sling bullets
 j - 43 bolts
 l - 2 throwing nets
 m - 3 atropa-tipped darts
 r - 3 boomerangs (quivered)
 w - 2 javelins
Armour
 b - a +0 hat (worn)
Jewellery
 f - a ring of willpower (left tentacle)
 g - a ring of poison resistance (right tentacle)
Scrolls
 k - a scroll of fog
 s - 2 scrolls of amnesia
 v - a scroll of fear
Potions
 h - a potion of resistance
 p - 2 potions of lignification
 q - a potion of attraction
 u - a potion of curing {unknown}


   Skills:
 + Level 5.1 Fighting
 + Level 11.4 Polearms
 + Level 2.9 Throwing
 + Level 5.0 Dodging
 + Level 7.3 Stealth


You had 8 spell levels left.
You didn't know any spells.
Your spell library contained the following spells:

 Spells                   Type           Power      Damage    Failure   Level
 Passwall                 Tmut/Erth      0%         N/A       50%         2
 Inner Flame              Hex/Fire       0%         N/A       75%         3
 Swiftness                Air            0%         N/A       75%         3
 Cause Fear               Hex            0%         N/A       98%         4
 Discord                  Hex            0%         N/A       100%        8


Dungeon Overview and Level Annotations

Branches:
Dungeon (6/15)
 Temple: D:4-7

Altars:
Cheibriados
Gozag
Okawaru

Shops:
D:1 (   D:5 (   D:6 *


Innate Abilities, Weirdness & Mutations

You cannot wear most types of armour.
You are amphibious.
You can wear up to eight rings at the same time.
Your skin changes colour to match your surroundings (Stealth+).
Your rubbery body absorbs attacks. (AC +1, EV +1)
((You are camouflaged near water. (Stealth+)))
You have tentacles for arms and can constrict up to eight enemies at once.
You possess an exceptional clarity of mind.
Your body sometimes deteriorates upon taking damage.
You are robust. (+10% HP)
You do not regenerate when monsters are visible.
Your muscles are strong. (Str +2)


Message History

The cyclops throws a large rock.
The large rock hits you!
Reach: c) +1 scythe
Press: ? - help, Dir - move target, f - you, p - cyclops That would be overly suicidal.
Okay, then.
Unknown command.
Throw: 3 boomerangs
Press: ? - help, Q - select action, (/) - cycle Shift-Dir - straight line, f - cyclops
Aim: a cyclops, quivering large rocks (heavily wounded, 86% to hit)
You throw a boomerang. The boomerang hits the cyclops!
The cyclops is severely wounded.
The cyclops throws a large rock.
The large rock completely misses you.
Throw: 3 boomerangs
Press: ? - help, Q - select action, (/) - cycle Shift-Dir - straight line, f/p - cyclops
Aim: a cyclops, quivering large rocks (severely wounded, 86% to hit)
You throw a boomerang.
The boomerang completely misses the cyclops.
Unknown command.
Reach: c) +1 scythe
Press: ? - help, Dir - move target, f/p - cyclops
Aim: a cyclops, quivering large rocks (severely wounded, about 14% to evade your +1 scythe)
You reach to attack!
You hit the cyclops but do no damage.
The cyclops is severely wounded.
The cyclops throws a large rock.
The large rock hits you!!!
Ouch! That really hurt!
* * * LOW HITPOINT WARNING * * *
Your body deteriorates!
You feel weakened.
Reach: c) +1 scythe
Press: ? - help, Dir - move target, f/p - cyclops
Aim: a cyclops, quivering large rocks (severely wounded, about 14% to evade your +1 scythe)
You reach to attack!
You barely miss the cyclops.
The cyclops is severely wounded.
Unknown command.
Reach: c) +1 scythe
Press: ? - help, Dir - move target, f/p - cyclops
Aim: a cyclops, quivering large rocks (severely wounded, about 14% to evade your +1 scythe)
You barely miss the cyclops.
The cyclops is severely wounded.
The cyclops hits you!!
You die...

#########
C.......##..#
#######.##..#
#.##..# #.##..#
#†##..# #.##..#
#.##..#######
#........C@.#
#########..#####.#
#..........# .#
##.#######.## .#
...# #.# .# ####
#.# .# ..> ..# .#
### ### .#


You could see a cyclops.

Vanquished Creatures
  Sigmund (D:2)
  Menkaure (D:6)
  A steam dragon (D:6)
  2 water moccasins (D:6)
  2 necrophages
  An ogre (D:5)
  A phantom (D:5)
  2 scorpions
  A jelly (D:6)
  A bullfrog zombie (D:5)
  Crazy Yiuf (D:3)
  3 orc priests
  3 bullfrog skeletons (D:5)
  A centaur skeleton (D:6)
  A hound (D:5)
  Jessica (D:3)
  4 iguanas
  An orc wizard (D:5)
  Natasha (thrice) (D:3)
  A killer bee zombie (D:6)
  A hound zombie (D:5)
  2 hound skeletons (D:4)
  A howler monkey skeleton (D:4)
  6 adders
  A white imp (D:6)
  An ufetubus (D:5)
  A worm (D:4)
  A dart slug (D:1)
  8 orcs
  8 endoplasms
  5 giant cockroaches
  8 goblins
  4 hobgoblins
  6 jackals (D:1)
  8 quokkas
  6 ball pythons
  2 bats
  2 frilled lizards
  8 kobolds
  5 rats
116 creatures vanquished.

Notes
Turn   | Place    | Note
-------+----------+-------------------------------------------
     0 | D:1      | cheechan the Octopode Gladiator began the quest for the
                  | Orb.
     0 | D:1      | Reached XP level 1. HP: 14/14 MP: 1/1
    44 | D:1      | Found Unefrea's Antique Weapon Shoppe.
   121 | D:1      | Reached XP level 2. HP: 14/19 MP: 2/2
   513 | D:1      | Identified a scroll of acquirement
   513 | D:1      | Acquired a manual of Polearms
   705 | D:1      | Reached XP level 3. HP: 24/25 MP: 3/3
  1016 | D:1      | Gained mutation: Your mind is acute. (Int +2) [potion of
                  | mutation]
  1016 | D:1      | Gained mutation: You do not regenerate when monsters are
                  | visible. [potion of mutation]
  1016 | D:1      | Gained mutation: You are robust. (+10% HP) [potion of
                  | mutation]
  1130 | D:2      | Found a faded altar of an unknown god.
  1209 | D:2      | Reached skill level 1 in Stealth
  1251 | D:2      | Reached skill level 4 in Polearms
  1407 | D:2      | Reached XP level 4. HP: 33/33 MP: 4/4
  1412 | D:2      | Noticed Sigmund
  1424 | D:2      | Killed Sigmund
  1425 | D:2      | Reached skill level 6 in Polearms
  1425 | D:2      | Reached XP level 5. HP: 10/39 MP: 5/5
  1425 | D:2      | Reached XP level 6. HP: 12/46 MP: 6/6
  2078 | D:3      | Lost mutation: Your mind is acute. (Int +2) [potion of
                  | mutation]
  2078 | D:3      | Gained mutation: Potions are less effective at restoring
                  | your health. [potion of mutation]
  2078 | D:3      | Gained mutation: Your muscles are strong. (Str +2) [potion
                  | of mutation]
  2536 | D:3      | Found an opulent altar of Gozag.
  2691 | D:3      | Noticed Natasha
  2702 | D:3      | Killed Natasha
  2788 | D:3      | Found a runed translucent door.
  2789 | D:3      | Noticed Crazy Yiuf
  2796 | D:3      | Killed Crazy Yiuf
  2797 | D:3      | Reached skill level 7 in Polearms
  2953 | D:3      | Noticed Jessica
  2959 | D:3      | Killed Jessica
  3447 | D:3      | Noticed Natasha
  3456 | D:3      | Killed Natasha
  3699 | D:3      | Noticed Natasha
  3706 | D:3      | Killed Natasha
  3707 | D:3      | Reached XP level 7. HP: 45/50 MP: 7/7
  4124 | D:4      | You fall into a shaft and drop 1 floor!
  4124 | D:5      | Entered Level 5 of the Dungeon
  4140 | D:5      | Reached skill level 5 in Stealth
  4379 | D:5      | Found Zaqod's Antique Weapon Shop.
  4481 | D:5      | Reached skill level 8 in Polearms
  4521 | D:5      | Found an iron altar of Okawaru.
  4526 | D:5      | Lost mutation: Potions are less effective at restoring your
                  | health. [potion of mutation]
  4526 | D:5      | Gained mutation: Your body sometimes deteriorates upon
                  | taking damage. [potion of mutation]
  4526 | D:5      | Gained mutation: You possess an exceptional clarity of
                  | mind. [potion of mutation]
  4540 | D:5      | Identified the +4 hand axe "Ujuafefi" {chaos, rC+ Will+
                  | Dex-2 SInv}
  4590 | D:5      | Became a worshipper of Warmaster Okawaru
  5029 | D:4      | Found a snail-covered altar of Cheibriados.
  5199 | D:4      | Reached XP level 8. HP: 55/59 MP: 8/8
  5210 | D:4      | Reached skill level 9 in Polearms
  5797 | D:5      | Reached * piety under Okawaru
  6410 | D:6      | Reached skill level 10 in Polearms
  6774 | D:6      | Found Ryrhuoga's General Store.
  6799 | D:6      | Noticed Menkaure
  6805 | D:6      | Killed Menkaure
  6875 | D:6      | Reached skill level 11 in Polearms
  6875 | D:6      | Reached XP level 9. HP: 40/66 MP: 9/9
  7020 | D:6      | Reached ** piety under Okawaru
  7060 | D:6      | Reached skill level 5 in Fighting
  7060 | D:6      | Reached skill level 5 in Dodging
  7064 | D:6      | Noticed a cyclops
  7116 | D:6      | Mangled by a cyclops

Illustrated notes

Levels and vault maps discovered:
D:1:      lemuel_arrival_muddy, layout_loops_ring, serial_shops, shop,
          chequers_serial_rivers_small_b, minmay_pentomino_r2
D:2:      minmay_angry_zag, layout_loops_ring,
          hellmonk_ecumenical_altar_blasted, uniq_sigmund
D:3:      layout_basic, lemuel_coloured_pillars_altar, uniq_crazy_yiuf_cottage,
          uniq_natasha, uniq_jessica
D:4:      minmay_diamond_boxcup, layout_basic, slow_altar_2
D:5:      layout_loops_ring, okawaru_ov_weapons_minmay, serial_shops,
          shop_statue, kennysheep_potato
D:6:      layout_loops_ring, grunt_temple_overflow_diamond,
          kennysheep_little_box, serial_shops, nicolae_take_the_stairs,
          nrook_uturn, uniq_maggie, uniq_menkaure

Skill      XL: |  1  2  3  4  5  6  7  8  9 |
---------------+----------------------------+-----
Stealth        | 1 3 4 5 7 |  7.3
Polearms       | 4 6 7 8 11 | 11.4
Fighting       | 3 4 5 |  5.1
Dodging        | 4 5 |  5.0
Throwing       | |  2.9

Action                   |  1- 3 |  4- 6 |  7- 9 || total
-------------------------+-------+-------+-------++-------
Melee: Trident           |    76 |     7 |       ||    83
       Constrict         |    14 |    13 |    29 ||    56
       Tentacles         |    11 |    11 |    28 ||    50
       Scythe            |       |    52 |   128 ||   180
Throw: Throwing net      |       |     4 |       ||     4
       Boomerang         |       |       |    10 ||    10
       Javelin           |       |       |     2 ||     2
       Dart              |       |       |     1 ||     1
  Use: Scroll            |     5 |     1 |     8 ||    14
       Potion            |     1 |     1 |     2 ||     4
 Stab: Sleeping          |    10 |    10 |    11 ||    31
Armor: Skin              |     2 |     1 |     8 ||    11
Dodge: Dodged            |    38 |    34 |   100 ||   172

Table legend: (Time is in decaauts)
 A = Elapsed time spent in this place.
 B = Non-inter-level travel time spent in this place.
 C = Inter-level travel time spent in this place.
 D = Time resting spent in this place.
 E = Time spent auto-exploring this place.
 F = Levels seen in this place.
 G = Mean time per level.
                   A        B        C        D        E       F      G
               +--------+--------+--------+--------+--------+-----+--------+
         Total |   7229 |   7229 |      0 |   1975 |      0 |   6 | 1204.8 |
       Dungeon |   7229 |   7229 |      0 |   1975 |      0 |   6 | 1204.8 |
               +--------+--------+--------+--------+--------+-----+--------+

Top non-repeatable levels by time:
     D:3: 1800 daAuts
     D:5: 1610 daAuts
     D:1: 1127 daAuts
     D:4: 1125 daAuts
     D:2: 830 daAuts
     D:6: 735 daAuts
